 Dungeon Crawl Stone Soup version 0.20-a0-331-g5b3579f (webtiles) character file.

482980 dondy the Executioner (level 24, -23/342 HPs)
             Began as a Hill Orc Berserker on Dec 21, 2016.
             Was the Champion of Trog.
             Annihilated by a juggernaut (42 damage)
             ... on level 2 of the Depths.
             The game lasted 04:23:01 (63068 turns).

dondy the Executioner (Hill Orc Berserker)         Turns: 63068, Time: 04:23:02

Health: -23/342    AC: 33    Str: 40    XL:     24   Next: 57%
Magic:  5/9        EV: 27    Int: 10    God:    Trog [******]
Gold:   3752       SH:  4    Dex: 16    Spells: 23/23 levels left

rFire  + + .     SeeInvis +     a - +9 executioner's axe (antimagic)
rCold  . . .     Gourm    .     u - +8 fire dragon scales
rNeg   . . .     Faith    .     (shield currently unavailable)
rPois  .         Spirit   .     k - +2 hat {Int+3}
rElec  .         Reflect  +     n - +2 cloak {rC+}
rCorr  .         Harm     .     v - +2 pair of gloves {Dex+3}
MR     +....                    X - +2 pair of boots {Stlth+}
Stlth  ..........               L - +4 amulet of reflection
                                A - ring of Imoxzuk {EV+4 Str+4}
                                y - ring of Autumn {Dex+3 SInv Stlth+}

@: berserking, corroded, drained, very quick
A: no striking features
}: 3/15 runes: decaying, serpentine, silver
a: Berserk, Trog's Hand, Brothers in Arms, Burn Spellbooks, Renounce Religion


You were on level 2 of the Depths.
You worshipped Trog.
Trog was exalted by your worship.
You were very hungry.

You visited 7 branches of the dungeon, and saw 38 of its levels.
You also visited: Ice Cave.

You collected 4621 gold pieces.
You spent 869 gold pieces at shops.

Inventory:

Hand Weapons
 a - a +9 antimagic executioner's axe (weapon)
Armour
 k - a +2 hat of intelligence (worn)
 n - a +2 cloak of cold resistance (worn)
 u - +8 fire dragon scales (worn)
 v - a +2 pair of gloves of dexterity (worn)
 X - a +2 pair of boots of stealth (worn)
Rods
 j - a +0 lightning rod (9/9)
   (You found it on level 1 of the Snake Pit)
Jewellery
 y - the ring of Autumn (left hand) {Dex+3 SInv Stlth+}
   (You found it on level 14 of the Dungeon)

   [ring of stealth]

   It affects your dexterity (+3).
   It lets you see invisible.
   It makes you more stealthy.
 A - the ring of Imoxzuk (right hand) {EV+4 Str+4}
   (You acquired it on level 2 of the Vaults)

   [ring of evasion]

   It affects your evasion (+4).
   It affects your strength (+4).
 L - a +4 amulet of reflection (around neck)
 M - the ring of Bugig {Fire Dex+3}
   (You took it off a deep elf mage on level 5 of the Vaults)

   [ring of fire]

   It enhances your fire magic.
   It affects your dexterity (+3).
   It protects you from fire.
   It makes you vulnerable to cold.
 N - the ring of Pob Nets {rC+ Str+3}
   (You took it off a deep elf annihilator on level 5 of the Vaults)

   [ring of strength]

   It affects your strength (+3).
   It protects you from cold.
Wands
 K - a wand of digging (9/24)
Scrolls
 b - 8 scrolls of blinking
 e - a scroll of enchant weapon
 l - 3 scrolls of remove curse
 m - a scroll of holy word
 o - 11 scrolls of magic mapping
 q - a scroll of summoning
 r - 8 scrolls of fog
 t - 15 scrolls of teleportation
 G - 2 scrolls of identify
 I - a scroll of fear
 S - a scroll of silence
Potions
 g - 9 potions of curing
 h - 12 potions of haste
 p - 7 potions of invisibility
 s - 4 potions of ambrosia
 w - 8 potions of heal wounds
 x - 3 potions of resistance
 z - 5 potions of agility
 B - 4 potions of brilliance
 D - 5 potions of might
 E - 4 potions of flight
Books
 O - a book of the Tempests

   Spells                             Type                      Level
   a - Static Discharge               Conjuration/Air              3
   b - Lightning Bolt                 Conjuration/Air              5
   c - Fireball                       Conjuration/Fire             5
   d - Tornado                        Air                          9
   e - Shatter                        Earth                        9
   Trog disapproves of the use of such an item.
Miscellaneous
 d - a fan of gales
 i - a lamp of fire (inert)
 U - a box of beasts
Comestibles
 c - 18 bread rations
 f - 20 meat rations
 C - a chunk of flesh
 F - 14 beef jerkies
 H - 7 slices of pizza
 J - 2 fruits
 R - 3 royal jellies


   Skills:
 + Level 21.2(21.1) Fighting
 - Level 26.0(25.8) Axes
 + Level 21.0(20.9) Armour
 + Level 17.4(17.2) Dodging
 + Level 7.9(7.8) Evocations


You had 23 spell levels left.
You didn't know any spells.

Dungeon Overview and Level Annotations

Branches:
Dungeon (15/15)            Temple (0/1) D:4            Lair (6/6) D:11
  Swamp (4/4) Lair:2        Snake (4/4) Lair:2        Slime (0/5) Lair:6
    Orc (2/2) D:9             Elf (0/3) Orc:2        Vaults (5/5) D:14
  Crypt (0/3) Vaults:2     Depths (2/5) D:15

Altars:
Cheibriados
Dithmenos
Gozag
Makhleb
Sif Muna
Trog
Vehumet
Yredelemnul
The Shining One
Jiyva

Shops:
D:5 *   D:9 *   D:10 }   Orc:2 *!?[%   Vaults:2 *   Vaults:4 *[*?}
Depths:1 }=}

Portals:
Hell: Lair:6 Depths:1
Ziggurat: Depths:1
Trove: Depths:1 (lose all piety)

Annotations:
Swamp:1 exclusion: Roxanne, Roxanne


Message History

You feel a strong urge to attack something.
A spark wasp comes into view.
The spark wasp moves out of view.
The deep elf high priest prays to its god.
The corpses begin to drag themselves along the ground! 3 crawling corpses come into view.
You see here a robe.
You slice the deep elf high priest!!
The deep elf high priest is moderately wounded.
You slice the crawling corpse!!
You destroy the crawling corpse!
A deep elf sorcerer comes into view. It is wielding a long sword.
You chop the deep elf high priest into pieces!!!
You kill the deep elf high priest!
Trog accepts your kill.
You are too berserk!
You slice the juggernaut!!
The juggernaut is lightly wounded.
The juggernaut hits you!!!
You die...

#....##'##....# .
#.............#... ..
........... #... #..##
....... ##..#
.....###...###..... ..
#....##y##...e# ..
#......)......# ..
#....x#C#.....# ..
#....#.)@#....# ..
#.....x)...(..## ##..
#...............## ##...
#.......#§#.......#####))..
.T......§.)......[(.†.())..
T.......§..#....(...((.)...
....≈................(.....
#...§≈≈..)......(......(..#
.....≈≈..........(.......##


You could see a juggernaut, a spark wasp, a deep elf sorcerer and 2 crawling
corpses.

Vanquished Creatures
  Saint Roka (Depths:1)
  Frederick (Vaults:5)
  A caustic shrike (Depths:2)
  Nikola (Depths:1)
  2 golden dragons
  4 tentacled monstrosities
  A lich (Depths:1)
  An Ice Fiend (IceCv)
  Rupert (D:14)
  A quicksilver dragon (Vaults:4)
  4 titans
  A sphinx (Vaults:4)
  4 shadow dragons
  2 thorn hunters (Swamp:4)
  3 tengu reavers
  9 nagarajas
  6 storm dragons
  5 fire giants
  An iron dragon (Vaults:4)
  8 frost giants
  15 vault wardens
  2 deep elf elementalists (Vaults:5)
  9 ironheart preservers
  A spriggan defender (Depths:2)
  13 very ugly things
  2 war gargoyles
  13 stone giants
  Nessos (D:13)
  An entropy weaver (Vaults:4)
  A dire elephant (D:15)
  A deep elf demonologist (Vaults:3)
  5 deep elf annihilators
  The ghost of DEFE the Covert, a journeyman VSAs of Uskayaw (Orc:1)
  A spark wasp (Depths:2)
  Azrael (D:13)
  A spark wasp (shapeshifter) (Vaults:4)
  4 deep elf death magi
  4 fire dragons
  12 yaktaur captains
  12 ettins
  A quicksilver dragon zombie (Vaults:5)
  4 great orbs of eyes
  28 vault guards
  11 naga warriors
  5 rakshasas
  6 deep elf high priests
  A ghost crab (Swamp:4)
  3 ice dragons
  2 catoblepae
  A hell beast (Lair:6)
  20 hydras
  3 spriggan air magi (Depths:2)
  6 centaur warriors
  37 two-headed ogres
  23 anacondas
  2 death knights (Vaults:5)
  3 deep troll shamans
  9 ogre magi
  Urug (D:12)
  2 deep troll earth magi (Depths:2)
  7 alligators
  3 spriggan berserkers
  13 naga sharpshooters
  10 shock serpents
  5 deep elf knights
  3 salamander mystics
  14 skeletal warriors
  2 iron trolls (Depths:2)
  14 deep trolls
  A glowing orange brain (Depths:1)
  8 swamp dragons
  A deep troll (shapeshifter) (Vaults:3)
  4 shambling mangroves
  6 deep elf archers
  3 tengu zombies
  8 naga ritualists
  An unseen horror (D:15)
  A glowing orange brain (shapeshifter) (D:14)
  3 wizards
  4 lindwurms
  24 ironbrand convokers
  2 phantasmal warriors (Vaults:4)
  4 necromancers
  16 orc knights
  38 ugly things
  2 wolf spiders
  A frost giant zombie (Vaults:4)
  2 salamanders
  2 orc sorcerers
  2 salamanders (shapeshifter)
  8 mana vipers
  3 manticores
  A stone giant zombie (Vaults:5)
  A frost giant skeleton (Vaults:2)
  10 cyclopes
  10 deep elf magi
  31 black mambas
  9 guardian serpents
  A water nymph (shapeshifter) (Vaults:3)
  An ice statue (IceCv)
  An elephant (shapeshifter) (Vaults:5)
  17 elephants
  2 fire giant skeletons (Vaults:2)
  A guardian serpent (shapeshifter) (Depths:2)
  A stone giant skeleton (Vaults:2)
  19 naga magi
  17 vault sentinels
  A gargoyle (D:15)
  2 orange demons (Lair:6)
  2 spiny frogs (shapeshifter) (Vaults:3)
  4 centaur zombies
  26 spiny frogs
  12 komodo dragons
  4 rime drakes
  2 kobold demonologists (D:13)
  9 freezing wraiths
  31 yaktaurs
  A yaktaur skeleton (Depths:1)
  4 anaconda simulacra (IceCv)
  8 ice devils
  A hellwing (Lair:6)
  A jumping spider (Vaults:4)
  2 golden dragon simulacra (IceCv)
  A red devil (Lair:6)
  9 trolls
  A tengu conjurer (D:14)
  A tyrant leech (shapeshifter) (Vaults:4)
  A troll (shapeshifter) (Vaults:1)
  A jumping spider (shapeshifter) (D:13)
  9 tyrant leeches
  5 polar bears
  36 slime creatures
  A fire giant simulacrum (Vaults:5)
  A raiju (shapeshifter) (Vaults:5)
  12 bog bodies
  12 hornets
  A hornet (shapeshifter) (Vaults:1)
  14 blink frogs
  A hippogriff (shapeshifter) (Vaults:1)
  A meliai zombie (D:14)
  9 hippogriffs
  An ettin zombie (Vaults:5)
  A stone giant simulacrum (Vaults:3)
  A dream sheep (Lair:6)
  An ettin skeleton (Vaults:4)
  A redback (Vaults:4)
  5 spriggans
  A shadow (D:11)
  A wyvern (shapeshifter) (Depths:1)
  A vampire (D:15)
  A redback (shapeshifter) (Vaults:5)
  A yak (shapeshifter) (D:14)
  2 air elementals (Depths:2)
  4 dire elephant simulacra (IceCv)
  10 fire elementals
  4 hogs (D:7)
  17 humans
  2 wraiths (D:12)
  4 wyverns
  16 yaks
  2 steam dragons
  3 basilisks
  2 fire bats (Lair:1)
  A golden eye (shapeshifter) (Vaults:5)
  2 hungry ghosts
  12 vampire mosquitoes
  2 wargs
  3 insubstantial wisps (Swamp:2)
  59 nagas
  3 acid dragons
  2 soldier ants (D:13)
  18 swamp worms
  10 water moccasins
  2 iron troll simulacra (IceCv)
  4 harpy simulacra (IceCv)
  3 hydra simulacra (IceCv)
  2 floating eyes (shapeshifter)
  A floating eye (Depths:2)
  7 hell hounds
  13 porcupines
  7 sky beasts
  An ice beast (shapeshifter) (Vaults:4)
  14 swamp drakes
  52 orc warriors
  7 black bears
  5 ice beasts
  A black bear (shapeshifter) (Vaults:2)
  5 phantoms
  4 wolves (Lair:6)
  2 human zombies
  18 ogres
  32 centaurs
  An ettin simulacrum (Vaults:2)
  2 necrophages
  9 crocodiles
  5 human skeletons (Vaults:2)
  9 big kobolds
  A gnoll sergeant (D:5)
  21 bullfrogs
  A wyvern skeleton (D:13)
  2 scorpions
  An elephant simulacrum (IceCv)
  5 killer bees (D:13)
  An orc simulacrum (Vaults:2)
  8 wights
  3 electric eels
  2 howler monkeys
  5 crimson imps
  4 draconian simulacra (IceCv)
  2 bullfrog zombies
  6 jellies
  5 hounds
  4 centaur skeletons
  Crazy Yiuf (D:6)
  20 orc priests
  36 orc wizards
  2 bullfrog skeletons
  Jessica (D:2)
  2 iguanas
  8 worker ants
  3 spriggan simulacra (IceCv)
  3 troll simulacra (IceCv)
  A polar bear simulacrum (IceCv)
  A wolf simulacrum (IceCv)
  2 centaur simulacra (IceCv)
  2 hound skeletons
  Robin (D:2)
  A worker ant zombie (D:5)
  4 ogre simulacra (IceCv)
  14 adders
  6 gnolls
  5 naga simulacra (IceCv)
  3 shadow imps
  3 white imps (IceCv)
  2 ufetubi (IceCv)
  An ooze (D:3)
  An adder skeleton (D:6)
  6 dart slugs
  11 leopard geckos
  113 orcs
  6 bats
  3 giant cockroaches
  17 goblins
  12 hobgoblins
  10 jackals
  72 kobolds
  4 quokkas
  2 ball pythons
  5 frilled lizards
  A giant cockroach zombie (D:5)
  10 rats
  5 briar patches (Swamp:4)
  A crawling corpse (Depths:2)
  2 fungi (Lair:6)
  8 plants
1769 creatures vanquished.

Vanquished Creatures (collateral kills)
  A quicksilver dragon (Depths:2)
  A fire giant (Vaults:5)
  A nagaraja (Snake:4)
  A stone giant (Vaults:5)
  An anaconda (Snake:4)
  7 hydras
  A tengu warrior (Depths:2)
  A deep troll shaman (Depths:2)
  An iron troll (Depths:2)
  A wizard (Lair:6)
  A flayed ghost (Vaults:5)
  A phantasmal warrior (Vaults:5)
  2 orc knights
  2 spiny frogs (Lair:6)
  3 yaktaurs (Depths:2)
  A hippogriff (Lair:6)
  A water moccasin (Lair:1)
  3 orc warriors (Orc:2)
  An orc priest (Vaults:5)
31 creatures vanquished.

Vanquished Creatures (others)
  An ettin (Vaults:5)
  A rakshasa (Vaults:3)
  A centaur skeleton (D:13)
  An ogre (Vaults:4)
  A howler monkey (D:13)
  An orc (Vaults:5)
  A briar patch (Swamp:4)
  4 fungi
  3 plants
14 creatures vanquished.

Grand Total: 1814 creatures vanquished

Notes
Turn   | Place    | Note
-------+----------+-------------------------------------------
     0 | D:1      | dondy the Hill Orc Berserker began the quest for the Orb.
     0 | D:1      | Reached XP level 1. HP: 19/19 MP: 1/1
   359 | D:1      | Reached XP level 2. HP: 22/26 MP: 2/2
   610 | D:1      | Reached skill level 5 in Axes
   888 | D:1      | Reached XP level 3. HP: 27/31 MP: 3/3
  1076 | D:1      | Reached ** piety under Trog
  1367 | D:2      | Noticed Robin
  1710 | D:2      | Noticed Jessica
  1714 | D:2      | Killed Jessica
  1714 | D:2      | Reached skill level 6 in Axes
  1714 | D:2      | Reached XP level 4. HP: 39/39 MP: 4/4
  2068 | D:2      | Killed Robin
  2070 | D:2      | Reached skill level 7 in Axes
  2347 | D:2      | Found a snail-covered altar of Cheibriados.
  2537 | D:2      | Reached XP level 5. HP: 37/45 MP: 5/5
  2911 | D:3      | Reached skill level 8 in Axes
  2963 | D:3      | Reached *** piety under Trog
  3381 | D:4      | Reached XP level 6. HP: 51/51 MP: 6/6
  3404 | D:4      | Found a staircase to the Ecumenical Temple.
  3603 | D:4      | Noticed an orc warrior
  3612 | D:4      | Killed an orc warrior
  3612 | D:4      | Reached skill level 9 in Axes
  3632 | D:4      | Found a radiant altar of Vehumet.
  4096 | D:4      | Reached XP level 7. HP: 43/57 MP: 7/7
  4148 | D:5      | Entered Level 5 of the Dungeon
  4418 | D:5      | Reached skill level 10 in Axes
  4558 | D:5      | Found Dopsi's General Store.
  4594 | D:5      | Bought a potion of flight for 36 gold pieces
  4594 | D:5      | Bought a scroll of immolation for 42 gold pieces
  4594 | D:5      | Bought a scroll of fear for 42 gold pieces
  4709 | D:5      | Found a bloodstained altar of Trog.
  4740 | D:5      | Reached **** piety under Trog
  4908 | D:5      | Reached skill level 5 in Armour
  4908 | D:5      | Reached XP level 8. HP: 60/64 MP: 8/8
  4913 | D:5      | Reached skill level 11 in Axes
  4918 | D:5      | Found a basalt altar of Yredelemnul.
  5766 | D:5      | Reached skill level 12 in Axes
  6529 | D:6      | Reached XP level 9. HP: 62/69 MP: 9/9
  6534 | D:6      | Found an opulent altar of Gozag.
  6969 | D:6      | Reached skill level 13 in Axes
  7156 | D:6      | Found a runed door.
  7160 | D:6      | Noticed Crazy Yiuf
  7166 | D:6      | Killed Crazy Yiuf
  7902 | D:7      | Reached skill level 14 in Axes
  7916 | D:7      | Reached ***** piety under Trog
  8268 | D:7      | Reached XP level 10. HP: 49/76 MP: 10/10
  8868 | D:8      | Noticed a two-headed ogre
  8876 | D:8      | Reached skill level 15 in Axes
  8878 | D:8      | Killed a two-headed ogre
  9372 | D:8      | Noticed a two-headed ogre
  9383 | D:8      | Killed a two-headed ogre
  9637 | D:8      | Found a burning altar of Makhleb.
  9727 | D:9      | Found Yptoode's Assorted Antiques.
  9756 | D:9      | Got an ivory broad axe
  9757 | D:9      | Identified the cursed +2 broad axe of the Pyrrhic Victory {chop, Int+3 Stlth+} (You found it on level 9 of the Dungeon)
  9880 | D:9      | Reached skill level 10 in Armour
  9895 | D:9      | Reached skill level 16 in Axes
  9918 | D:9      | Found a glowing golden altar of the Shining One.
 10004 | D:9      | Found a staircase to the Orcish Mines.
 10244 | D:9      | Reached skill level 5 in Fighting
 10249 | D:10     | Entered Level 10 of the Dungeon
 10355 | D:10     | Got a transparent leather armour
 10439 | D:10     | Found Muymiapre's Gadget Shoppe.
 10585 | D:10     | Received a gift from Trog
 10795 | D:10     | Reached XP level 11. HP: 79/87 MP: 11/11
 11227 | D:11     | Found a staircase to the Lair.
 12267 | D:12     | Noticed a red ugly thing
 12282 | D:12     | Killed a red ugly thing
 12594 | D:12     | Received a gift from Trog
 12899 | D:12     | Noticed a two-headed ogre
 12918 | D:12     | Killed a two-headed ogre
 12918 | D:12     | Received a gift from Trog
 13032 | D:12     | Reached skill level 17 in Axes
 13096 | D:12     | Noticed a deep elf mage
 13096 | D:12     | Noticed a manticore
 13107 | D:12     | Killed a deep elf mage
 13111 | D:12     | Reached XP level 12. HP: 36/100 MP: 4/12
 13118 | D:12     | HP: 7/150 [slime creature (5)]
 13491 | D:12     | Noticed Urug
 13501 | D:12     | Killed Urug
 13720 | D:12     | Identified a scroll of acquirement
 13778 | D:13     | Noticed Azrael
 13781 | D:13     | Killed Azrael
 13787 | D:13     | Noticed a centaur warrior
 13796 | D:13     | Killed a centaur warrior
 13814 | D:13     | HP: 3/102 [jumping spider (shapeshifter) (10)]
 13854 | D:13     | Got a transparent ring mail
 14396 | D:13     | Reached skill level 18 in Axes
 14414 | D:13     | Noticed a two-headed ogre
 14419 | D:13     | Killed a two-headed ogre
 15263 | D:14     | Found a gate to the Vaults.
 15263 | D:14     | Noticed Rupert
 15263 | D:14     | Noticed Nessos
 15263 | D:14     | Noticed a catoblepas
 15263 | D:14     | Noticed a centaur warrior
 15441 | Orc:1    | Entered Level 1 of the Orcish Mines
 15441 | Orc:1    | Noticed DEFE's ghost (journeyman VSAs)
 15448 | Orc:1    | Received a gift from Trog
 15455 | Orc:1    | Killed DEFE's ghost
 15455 | Orc:1    | Reached XP level 13. HP: 111/111 MP: 4/13
 15974 | Lair:1   | Entered Level 1 of the Lair of Beasts
 16218 | Lair:1   | Reached skill level 10 in Fighting
 16244 | Lair:1   | Reached skill level 19 in Axes
 16994 | Lair:1   | Found a shadowy altar of Dithmenos.
 17475 | Lair:2   | Found a staircase to the Snake Pit.
 17924 | Lair:2   | Got a heavily runed scale mail
 18465 | Lair:2   | Found a staircase to the Swamp.
 18676 | Lair:2   | Identified the +4 scale mail of Synchronized Stabbing {+Blink rCorr Dex+2} (You found it on level 2 of the Lair of Beasts)
 18809 | Lair:3   | Reached skill level 20 in Axes
 19571 | Lair:3   | Reached skill level 15 in Armour
 19919 | Lair:3   | Reached XP level 14. HP: 94/120 MP: 4/14
 20203 | Lair:4   | Received a gift from Trog
 20418 | Lair:4   | Reached skill level 21 in Axes
 21705 | Lair:6   | Entered Level 6 of the Lair of Beasts
 22642 | Lair:6   | Reached skill level 22 in Axes
 22894 | Lair:6   | Found a viscous altar of Jiyva.
 22894 | Lair:6   | Found a staircase to the Slime Pits.
 23338 | Lair:6   | Found a burning altar of Makhleb.
 23563 | Lair:6   | Found a gateway to Hell.
 23830 | Orc:2    | Entered Level 2 of the Orcish Mines
 23849 | Orc:2    | Reached XP level 15. HP: 98/125 MP: 5/15
 23981 | Orc:2    | Found a staircase to the Elven Halls.
 24652 | Orc:2    | Reached skill level 23 in Axes
 24660 | Orc:2    | Received a gift from Trog
 25077 | Orc:2    | Found Siah's Food Boutique.
 25168 | Orc:2    | Found Qonixip's Magic Scroll Shoppe.
 25168 | Orc:2    | Found Otimic Baint's Distillery.
 25170 | Orc:2    | Found Kumen's General Store.
 25172 | Orc:2    | Found Zomuoraell's Armour Emporium.
 25844 | D:13     | Killed Nessos
 26001 | D:14     | Got a faintly glowing lead ring
 26043 | D:15     | Entered Level 15 of the Dungeon
 26622 | D:15     | Received a gift from Trog
 26919 | D:15     | Reached skill level 24 in Axes
 27420 | D:15     | Found a staircase to the Depths.
 28140 | D:14     | Reached XP level 16. HP: 131/133 MP: 5/16
 28434 | D:14     | Killed Rupert
 28661 | D:14     | Received a gift from Trog
 28847 | D:14     | Found a deep blue altar of Sif Muna.
 29158 | Snake:1  | Entered Level 1 of the Snake Pit
 29171 | Snake:1  | Reached skill level 25 in Axes
 29678 | Snake:1  | Found a frozen archway.
 29688 | IceCv    | Entered an ice cave
 30527 | IceCv    | Noticed an Ice Fiend
 30544 | IceCv    | Killed an Ice Fiend
 32209 | Snake:2  | Identified the ring of Autumn {Dex+3 SInv Stlth+} (You found it on level 14 of the Dungeon)
 33425 | Snake:3  | Reached XP level 17. HP: 122/146 MP: 5/17
 34917 | Snake:3  | Received a gift from Trog
 35539 | Swamp:1  | Entered Level 1 of the Swamp
 35913 | Swamp:1  | Reached skill level 5 in Dodging
 35919 | Swamp:1  | Reached skill level 26 in Axes
 36178 | Swamp:1  | Noticed Roxanne
 39529 | Swamp:4  | Entered Level 4 of the Swamp
 39947 | Swamp:4  | Reached ****** piety under Trog
 40111 | Swamp:4  | Reached XP level 18. HP: 149/159 MP: 6/18
 40210 | Swamp:4  | Received a gift from Trog
 40781 | Swamp:4  | Got a decaying rune of Zot
 41303 | Vaults:1 | Entered Level 1 of the Vaults
 42278 | Vaults:1 | Received a gift from Trog
 43527 | Vaults:2 | Reached skill level 15 in Fighting
 44438 | Vaults:2 | Received a gift from Trog
 44438 | Vaults:2 | Reached XP level 19. HP: 118/170 MP: 6/19
 44989 | Vaults:2 | Found Imyaruv's Assorted Antiques.
 45554 | Vaults:2 | Got a transparent steel ring
 45555 | Vaults:2 | Identified the ring of Imoxzuk {EV+4 Str+4} (You acquired it on level 2 of the Vaults)
 45799 | Vaults:2 | Found a staircase to the Crypt.
 46127 | Vaults:3 | Received a gift from Trog
 46259 | Vaults:3 | Reached skill level 10 in Dodging
 47048 | Vaults:3 | Received a gift from Trog
 47720 | Vaults:3 | Got a fine ring mail
 48027 | Vaults:4 | Reached XP level 20. HP: 66/187 MP: 6/20
 48451 | Vaults:4 | Found Esoydaf's General Store.
 49366 | Vaults:3 | Received a gift from Trog
 50074 | Vaults:4 | Found Egoiso Vota's Magic Scroll Shop.
 50076 | Vaults:4 | Found Xampem Koso's Gadget Boutique.
 50152 | Vaults:4 | Found Sotub's General Store.
 50155 | Vaults:4 | Found Xomnirohi's Antique Armour Emporium.
 50196 | Vaults:4 | Bought a pair of runed gloves for 399 gold pieces
 50346 | Vaults:4 | Received a gift from Trog
 50985 | Snake:4  | Entered Level 4 of the Snake Pit
 52635 | Snake:4  | Received a gift from Trog
 53759 | Snake:4  | Reached XP level 21. HP: 143/199 MP: 7/21
 54157 | Snake:4  | Got a serpentine rune of Zot
 54542 | Vaults:5 | Entered Level 5 of the Vaults
 54837 | Vaults:4 | Received a gift from Trog
 55031 | Vaults:5 | Noticed a golden dragon
 55420 | Vaults:4 | Received a gift from Trog
 55907 | Vaults:5 | Killed a golden dragon
 55907 | Vaults:5 | Reached skill level 15 in Dodging
 56541 | Vaults:4 | Reached XP level 22. HP: 182/209 MP: 7/22
 56828 | Vaults:5 | Paralysed by a floating eye for 2 turns
 57284 | Vaults:5 | Received a gift from Trog
 59518 | Vaults:5 | Noticed Frederick
 59644 | Vaults:4 | Reached XP level 23. HP: 217/217 MP: 7/26
 59663 | Vaults:5 | Killed Frederick
 59798 | Vaults:5 | Reached skill level 5 in Evocations
 60072 | Vaults:5 | Received a gift from Trog
 60228 | Vaults:5 | Got a smoking copper ring
 60236 | Vaults:5 | Got a transparent jade ring
 60444 | Vaults:5 | Identified the ring of Bugig {Fire Dex+3} (You took it off a deep elf mage on level 5 of the Vaults)
 60445 | Vaults:5 | Identified the ring of Pob Nets {rC+ Str+3} (You took it off a deep elf annihilator on level 5 of the Vaults)
 60515 | Vaults:5 | Got a silver rune of Zot
 60624 | Vaults:5 | Identified the Volume of the Rocks
 60667 | Vaults:5 | Identified the Tome of the Seven Songs
 61108 | Depths:1 | Entered Level 1 of the Depths
 61238 | Depths:1 | Found a gateway to a ziggurat.
 61431 | Depths:1 | Noticed Nikola
 61456 | Depths:1 | Killed Nikola
 61456 | Depths:1 | Reached XP level 24. HP: 202/226 MP: 9/27
 61470 | Depths:1 | Noticed Saint Roka
 61825 | Depths:1 | Killed Saint Roka
 62258 | Depths:1 | Found Jefet's Gadget Boutique.
 62258 | Depths:1 | Found Nedamum's Jewellery Emporium.
 62259 | Depths:1 | Found Codyadgh's Gadget Boutique.
 62266 | Depths:1 | Bought a +4 amulet of reflection for 350 gold pieces
 62315 | Depths:1 | Found a portal to a secret trove of treasure.
 62426 | Depths:2 | Noticed a juggernaut
 62426 | Depths:2 | Received a gift from Trog
 62989 | Depths:2 | Noticed a caustic shrike
 63040 | Depths:2 | Paralysed by a floating eye for 3 turns
 63053 | Depths:2 | Killed a caustic shrike
 63058 | Depths:2 | HP: 17/342 [deep elf death mage/bolt of negative energy (26)]
 63068 | Depths:2 | Annihilated by a juggernaut

Vault maps used:
D:1:      dpeg_arrival_rhombus
D:2:      kennysheep_slug_shrine, uniq_robin, uniq_jessica
D:3:      first_bread, minmay_misc_feat_rugged
D:4:      lemuel_crystal_altar
D:5:      kennysheep_kobold_camp, marbit_many_paths, basic_altar, serial_shops,
          shop_coins
D:6:      old_standard_altar, uniq_crazy_yiuf_cottage
D:7:      serial_glass, glass_columns_a, glass_columns_c, grunt_livestock
D:8:      makhleb_blood_cavern_becter
D:9:      kennysheep_mini_moat, david_orc_2, serial_shops, nicolae_shop_crystal
D:10:     serial_shops, shop
D:11:     lair_entry_dummy
D:12:     uniq_urug
D:13:     uniq_azrael
D:14:     cheibrodos_elevator_heist, david_vaults_3, basic_altar, kennysheep_nub
D:15:     hangedman_depths_entry_try_elsewhere_first
Lair:1:   beast_lair_carwin_large_1, serial_bayou_pond_b, lemuel_centaur_altar
Lair:2:   nicolae_swamp_entry_splash_gauntlet, guppyfry_snake_entry_garden,
          serial_bayou, serial_bayou_pond_e, serial_bayou_pond_e,
          serial_bayou_crossing, serial_bayou_pond_a,
          nicolae_volcano_entry_vermiform, wad_woods_02
Lair:3:   serial_bayou_shore_a, grunt_megastairs_4
Lair:4:   grunt_megastairs_1
Lair:5:   beast_lair_carwin_4
Lair:6:   evil_forest, dpeg_slime_entry_enclosed_altar, fungi_pond_lemuel,
          uniq_rupert
Swamp:1:  evilmike_swamp_ruin_house_6, swamp_pool1,
          nicolae_swamp_alligator_family, uniq_roxanne
Swamp:2:  nicolae_swamp_treefoil, hangedman_swamp_double_dragon,
          infiniplex_staircase_pool
Swamp:3:  evilmike_swamp_ruin_rubble_1
Swamp:4:  swamp_basic_johnstein
Snake:1:  portal_ice_cave_entry_pillars_1, st_stairs_14
Snake:2:  st_stairs_3
Snake:3:  abandoned_shop, lemuel_fruit_tree, serial_bayou_shore_b
Snake:4:  grunt_snake_rune_serpentine_throne, st_stairs_4, grunt_megastairs_3
Orc:2:    st_orc_rangers, serial_shops,
          nicolae_shop_temple_entry_statues_fountains
Vaults:1: v_misc_26, nicolae_vaults_ring_of_whatevers, v_alt_pattern_3,
          nicolae_vaults_rhombus_6, ontoclasm_vaults_twist,
          nicolae_vaults_three_branches, grunt_vaults_bifocal, vaults_mumra_hex,
          nicolae_vaults_little_squares_4
Vaults:2: minmay_crypt_entry_skeletal_spiral, nicolae_vaults_gold_heap,
          hangedman_vaults_stitches, ontoclasm_vaults_ring_square,
          nicolae_vaults_triangles, nicolae_vaults_ninety_degrees, v_misc_17,
          v_misc_24, nicolae_vaults_asterisk, vaults_room_corners,
          hangedman_vaults_stagger, serial_shops, nicolae_shop_waterfront
Vaults:3: vaults_mumra_lcd, v_pattern_1, ontoclasm_vaults_loading_screen,
          vaults_dpeg_encased_lava, v_misc_13, ontoclasm_vaults_pinch,
          v_misc_18, ontoclasm_vaults_fault, vaults_mumra_minichess,
          grunt_vaults_swirl, grunt_vaults_trifunnel, dpeg_vaults_waves,
          vaults_dpeg_diagonal, vaults_room_pool, v_misc_22,
          grunt_vaults_hallway_short, grunt_vaults_hallway_short
Vaults:4: vaults_room_pools, v_misc_3, v_misc_17, ontoclasm_vaults_tryst,
          hangedman_vaults_slice, vaults_room_hallway,
          nicolae_vaults_little_squares_2, v_misc_18, serial_shops, shop,
          shop_statue, nicolae_shop_waterfront, shop, nicolae_shop_crystal
Vaults:5: serial_shops, uniq_frederick
Depths:1: enter_ziggurat_e, nicolae_trove_entry_columns, nicolae_two_hexagons,
          pf_coc_iceberg, minmay_guarded_unrand_flaming_death,
          minmay_shop_grove, uniq_saint_roka, uniq_nikola
Depths:2: minmay_central_circle, grunt_pan_entry_zigzag,
          pf_vacation_house_of_asmodeus, uniq_mara
IceCv:    ice_cave_caverns_01

Skill      XL: |  1  2  3  4  5  6  7  8  9 10 11 12 13 14 15 16 17 18 19 20 21 22 23 24 |
---------------+-------------------------------------------------------------------------+-----
Axes           | 5 6 7 8 9 10 12 14 16 17 18 20 22 24 25 26 | 26.0
Armour         | 3 5 6 8 10 12 13 15 16 17 18 20 21 | 21.0
Fighting       | 5 7 9 10 11 13 15 17 19 20 21 | 21.2
Dodging        | 3 6 8 10 12 15 16 17 | 17.4
Evocations     | 4 5 7 |  7.9

Action                   |  1- 3 |  4- 6 |  7- 9 | 10-12 | 13-15 | 16-18 | 19-21 | 22-24 || total
-------------------------+-------+-------+-------+-------+-------+-------+-------+-------++-------
Melee: Hand axe          |    70 |   138 |       |       |       |       |       |       ||   208
       War axe           |       |    63 |   407 |   130 |       |       |       |       ||   600
       Broad axe         |       |       |       |   308 |       |       |       |       ||   308
       Executioner's axe |       |       |       |   238 |   870 |  1320 |   992 |   564 ||  3984
Invok: Berserk           |       |     3 |     5 |     9 |     7 |    14 |     4 |     4 ||    46
       Trog's Hand       |       |     1 |       |     1 |       |     3 |     3 |     1 ||     9
       Brothers in Arms  |       |       |       |       |     9 |     4 |     5 |     1 ||    19
       Burn Spellbooks   |       |       |       |       |       |     1 |       |       ||     1
Evoke: Wand              |       |       |       |     1 |       |       |       |       ||     1
       Lamp of fire      |       |       |       |       |       |       |       |     1 ||     1
  Use: Scroll            |       |     4 |     6 |    10 |    16 |    14 |    11 |     5 ||    66
       Potion            |       |       |       |     1 |       |     4 |       |     3 ||     8
 Stab: Sleeping          |     1 |       |       |       |       |       |     3 |       ||     4
       Confused          |       |       |       |     1 |       |       |       |       ||     1
       Held in net/web   |       |       |       |     1 |       |       |       |       ||     1
       Petrified         |       |       |       |       |     1 |       |       |       ||     1
       Distracted        |       |       |       |       |       |     2 |     3 |     1 ||     6
  Eat: Chunk             |     2 |    10 |    18 |    31 |    77 |    49 |    40 |    19 ||   246
       Fruit             |       |       |       |     4 |       |    16 |     7 |     4 ||    31
       Pizza             |       |       |       |       |       |     2 |       |     1 ||     3
Armor: Animal skin       |     9 |    21 |       |       |       |       |       |       ||    30
       Scale mail        |       |    37 |   208 |    20 |       |       |       |       ||   265
       Plate armour      |       |       |       |   428 |   719 |   549 |       |       ||  1696
       Fire dragon scale |       |       |       |       |       |   244 |   328 |   245 ||   817
Dodge: Dodged            |    53 |    97 |   163 |   256 |   374 |   465 |   714 |   517 ||  2639
Block: Buckler           |       |    14 |    40 |    38 |       |       |       |       ||    92
       Other             |       |       |       |       |       |    50 |    44 |    50 ||   144
       Reflection        |       |       |       |       |       |     2 |     4 |     4 ||    10
